 Dungeon Crawl Stone Soup version 0.31-a0-744-gbc345e7fcb (webtiles) character file.

Game seed: 4912278984745070005

8868 Newt the Fighter (level 11, -1/93 HPs)
             Began as a Demonspawn Gladiator on Sept 13, 2023.
             Was a Believer of Makhleb.
             Slain by a tengu warrior
             ... wielding the +4 trident "Zoanerurr" {freeze, Fragile rN++ Int+3}
              (6 damage)
             ... on level 9 of the Dungeon.
             The game lasted 00:11:18 (9653 turns).

Newt the Fighter (Demonspawn Gladiator)             Turns: 9653, Time: 00:11:20

Health: -1/93      AC: 12    Str: 18    XL:     11   Next: 15%
Magic:  11/11      EV: 21    Int: 11    God:    Makhleb [**....]
Gold:   429        SH:  5    Dex: 14    Spells: 10/10 levels left

rFire   . . .        K - +4 falchion
rCold   . . .        (no shield)
rNeg    . . .        b - +0 leather armour
rPois   .            L - +2 hat
rElec   .            u - +0 cloak
rCorr   .            (no gloves)
SInv    .            (no boots)
Will    .....        D - amulet of reflection
Stlth   +            k - +5 ring of evasion
HPRegen 0.35/turn    B - +4 ring of protection
MPRegen 0.12/turn

%: reflection
@: no status effects
A: icy blue scales 1, powered by death 3, spiny 2
a: Renounce Religion, Minor Destruction


You were on level 9 of the Dungeon.
You worshipped Makhleb.
Makhleb was pleased with you.
You visited 2 branches of the dungeon, and saw 10 of its levels.

You collected 429 gold pieces.

Inventory:

Hand Weapons
 a - a +0 rapier
 g - a +0 flail of holy wrath
 j - a +0 hand axe of flaming
 p - a +1 dagger of venom
 K - a +4 falchion (weapon)
Missiles
 f - a curare-tipped dart
 q - 7 boomerangs
 v - 4 poisoned darts (quivered)
Armour
 b - a +0 leather armour (worn)
 c - a +0 helmet
 u - a +0 cloak (worn)
 y - a +2 hat
 A - a +0 plate armour of cold resistance
 L - a +2 hat (worn)
Jewellery
 k - a +5 ring of evasion (left hand)
 n - an amulet of magic regeneration
 B - a +4 ring of protection (right hand)
 D - an amulet of reflection (around neck)
 F - a ring of ice
Wands
 e - a wand of iceblast (14)
 x - a wand of flame (32)
 E - a wand of mindburst (12)
 G - a wand of polymorph (12)
 I - a wand of paralysis (17)
Scrolls
 h - a scroll of fog
 r - a scroll of fear
 J - a scroll of revelation
Potions
 i - 3 potions of degeneration
 l - 2 potions of curing
 m - a potion of haste
 s - a potion of mutation
 t - a potion of ambrosia
 w - a potion of enlightenment
 z - 2 potions of might
 C - a potion of lignification


   Skills:
 - Level 11.5 Fighting
 - Level 4.0(4.6) Short Blades
 + Level 3.4(4.3) Long Blades
 - Level 5.0 Throwing
 - Level 3.0 Armour
 - Level 9.0 Dodging
 - Level 5.0 Evocations


You had 10 spell levels left.
You didn't know any spells.
Your spell library contained the following spells:

 Spells                   Type           Power      Damage    Failure   Level
 Apportation              Tloc           0%         N/A       38%         1
 Necrotise                Necr           0%         1d4       38%         1
 Summon Small Mammal      Summ           0%         N/A       38%         1
 Lesser Beckoning         Tloc           0%         N/A       54%         2
 Gell's Gravitas          Tloc           0%         N/A       77%         3
 Stone Arrow              Conj/Erth      0%         3d7       77%         3
 Teleport Other           Tloc           0%         N/A       77%         3
 Animate Armour           Summ/Erth      0%         N/A       99%         4
 Leda's Liquefaction      Hex/Erth       0%         N/A       99%         4
 Lee's Rapid Deconstruct  Erth           0%         3d4*      100%        5
 Leda's Unmaking          Conj/Erth      0%         9d1       100%        6
 Lehudib's Crystal Spear  Conj/Erth      0%         10d2      100%        8


Dungeon Overview and Level Annotations

Branches:
Dungeon (9/15)             Temple (1/1) D:5
   Lair: D:8-11         Orc: D:9-12

Altars:
Ashenzari
Cheibriados
Dithmenos
Fedhas
Gozag
Kikubaaqudgha
Makhleb
Nemelex Xobeh
Okawaru
Qazlal
Ru
Sif Muna
Trog
Uskayaw
Vehumet
Wu Jian
Xom
Yredelemnul

Shops:
D:2 :   D:3 =   D:4 *   D:5 [   D:7 =

Annotations:
D:5 jlumianski's ghost, novice GrFi


Innate Abilities, Weirdness & Mutations

You are partially covered in icy blue scales. (AC +2)
You regenerate a lot of health from kills.
You are mostly covered in sharp spines.


Message History

The tengu warrior is heavily wounded.
The tengu warrior hits you with the +4 trident "Zoanerurr" {freeze, Fragile rN++ Int+3}!
* * * LOW HITPOINT WARNING * * *
The tengu warrior freezes you.
* * * LOW HITPOINT WARNING * * *
The tengu warrior barely misses you. You block the tengu warrior's attack.
Throw: 2 throwing nets
Press: ? - help, Shift-Dir - straight line, f/p - tengu warrior
Aim: a tengu warrior, wielding the +4 trident "Zoanerurr" {freeze, Fragile rN++ Int+3} and wearing a +0 leather armour (heavily wounded, very poisoned, 41% to hit)
You throw a throwing net.
The throwing net closely misses the tengu warrior.
The tengu warrior hits you but does no damage.
The tengu warrior pecks you but does no damage.
The tengu warrior barely misses you.
Throw: throwing net
Press: ? - help, Shift-Dir - straight line, f/p - tengu warrior
Aim: a tengu warrior, wielding the +4 trident "Zoanerurr" {freeze, Fragile rN++ Int+3} and wearing a +0 leather armour (heavily wounded, very poisoned, 41% to hit)
You throw a throwing net.
The throwing net hits the tengu warrior.
The tengu warrior is caught in the net!
The tengu warrior is heavily wounded.
The tengu warrior struggles against the net.
Unknown command.
You hit the tengu warrior.
The tengu warrior is heavily wounded.
The tengu warrior struggles against the net.
You slash the tengu warrior!
The tengu warrior is severely wounded.
The tengu warrior struggles against the net.
You hit the tengu warrior.
You punch the tengu warrior, but do no damage.
The tengu warrior is severely wounded.
The tengu warrior struggles against the net. x2
The net rips apart, and the tengu warrior comes free!
You slash the tengu warrior!
The tengu warrior is almost dead.
The tengu warrior hits you with the +4 trident "Zoanerurr" {freeze, Fragile rN++ Int+3}!
* * * LOW HITPOINT WARNING * * *
The tengu warrior freezes you.
You die...

##......... .......
.##..###### .(..#
#.#..# #...# #.#..#
#(#.####### ##...#
#.#>...<..# ##..#
#.#######.# ### #..#
#.# #.###.## #.## #Q#
#.##.#.## #K.# #@#
#...###.# #..## #.#
####.#.## 4.#
########.# ##.## .#
#........# #.# #####
#.######## #.# 4...#
#.# #.# ###.# #.# #.#
#K# #.# ####### #.#
#)#
#.#########.....####.#


You could see a tengu warrior (very poisoned).

Vanquished Creatures
  Erolcha (D:9)
  A centaur warrior (D:9)
  3 two-headed ogres
  2 kobold demonologists (D:9)
  Prince Ribbit (D:5)
  2 hornets (D:8)
  Sigmund (D:6)
  3 wyverns
  5 yaks (D:5)
  A steam dragon (D:7)
  An acid dragon (D:8)
  Duvessa (D:7)
  2 water moccasins
  2 sky beasts
  2 orc warriors
  2 ice beasts
  An ogre (D:5)
  2 centaurs
  A phantom (D:7)
  3 kobold brigands
  A gnoll sergeant (D:9)
  4 bullfrogs
  3 scorpions
  2 wights (D:9)
  Dowan (D:7)
  4 killer bees
  A howler monkey (D:8)
  A gnoll bouda (D:6)
  2 jellies
  3 hounds
  5 orc priests
  3 sleepcaps
  Terence (D:2)
  10 orc wizards
  3 iguanas
  12 gnolls
  9 adders
  A white imp (D:3)
  An ufetubus (D:5)
  A worm (D:4)
  2 dart slugs
  29 orcs
  3 ball pythons
  5 endoplasms
  A giant cockroach (D:1)
  7 goblins
  6 hobgoblins
  9 jackals
  15 kobolds
  2 quokkas (D:3)
  5 bats
  3 frilled lizards
  2 rats (D:1)
194 creatures vanquished.

Notes
Turn   | Place    | Note
-------+----------+-------------------------------------------
     0 | D:1      | Newt the Demonspawn Gladiator began the quest for the Orb.
     0 | D:1      | Reached XP level 1. HP: 16/16 MP: 1/1
   790 | D:2      | Gained mutation: You regenerate a little health from kills.
                  | [demonic ancestry]
   790 | D:2      | Reached XP level 2. HP: 23/23 MP: 2/2
   899 | D:2      | Reached skill level 3 in Fighting
  1098 | D:2      | Gained mutation: You are partially covered in sharp spines.
                  | [demonic ancestry]
  1098 | D:2      | Reached XP level 3. HP: 29/29 MP: 3/3
  1567 | D:2      | Found Waklaceub's Book Emporium.
  1572 | D:2      | Noticed Terence
  1582 | D:2      | Killed Terence
  1583 | D:2      | Reached skill level 4 in Fighting
  1583 | D:2      | Gained mutation: You regenerate health from kills. [demonic
                  | ancestry]
  1583 | D:2      | Reached XP level 4. HP: 16/38 MP: 4/4
  1952 | D:3      | Found an opulent altar of Gozag.
  2109 | D:3      | Reached skill level 5 in Fighting
  2150 | D:3      | Reached skill level 1 in Armour
  2153 | D:3      | Gained mutation: You are partially covered in icy blue
                  | scales. (AC +2) [demonic ancestry]
  2153 | D:3      | Reached XP level 5. HP: 33/44 MP: 5/5
  2269 | D:3      | Found Peatod Rott's Jewellery Shop.
  2865 | D:4      | Reached XP level 6. HP: 28/51 MP: 6/6
  2967 | D:4      | Found Kuthroega's Elemental Accessories.
  3412 | D:5      | Entered Level 5 of the Dungeon
  3412 | D:5      | Noticed Prince Ribbit
  3432 | D:5      | Killed Prince Ribbit
  3433 | D:5      | Reached XP level 7. HP: 51/56 MP: 7/7
  3747 | D:5      | Found a runed translucent door.
  3748 | D:5      | Noticed jlumianski's ghost (novice GrFi)
  3748 | D:5      | Noticed a yak
  3750 | D:5      | Noticed a yak
  3750 | D:5      | Noticed a yak
  3750 | D:5      | Noticed a yak
  3750 | D:5      | Noticed a yak
  3780 | D:5      | Killed a yak
  3781 | D:5      | Reached skill level 5 in Dodging
  3790 | D:5      | Killed a yak
  3791 | D:5      | Reached skill level 6 in Fighting
  3806 | D:5      | Killed a yak
  3807 | D:5      | Gained mutation: You are mostly covered in sharp spines.
                  | [demonic ancestry]
  3807 | D:5      | Reached XP level 8. HP: 31/65 MP: 8/8
  3820 | D:5      | Reached skill level 7 in Fighting
  4322 | D:5      | Reached skill level 8 in Fighting
  4540 | D:5      | Found Eczith's Armour Shop.
  4640 | D:5      | Found a staircase to the Ecumenical Temple.
  4655 | Temple   | Entered the Ecumenical Temple
  4666 | Temple   | Became a worshipper of Makhleb the Destroyer
  4696 | D:5      | Identified the +0 leather armour of Fedhas's Delight {Int+2
                  | Slay+2}
  4894 | D:6      | Noticed Sigmund
  5062 | D:6      | Killed Sigmund
  5063 | D:6      | Reached skill level 5 in Throwing
  5535 | D:6      | Gained mutation: You regenerate a lot of health from kills.
                  | [demonic ancestry]
  5535 | D:6      | Reached XP level 9. HP: 68/74 MP: 9/9
  6596 | D:5      | HP: 2/74 [jlumianski's ghost (4)]
  6813 | D:7      | Found a shimmering altar of Xom.
  6875 | D:7      | Found an ornate altar of the Wu Jian Council.
  6928 | D:7      | Reached * piety under Makhleb
  6974 | D:7      | Found a broken altar of Ashenzari.
  7170 | D:7      | Noticed Dowan
  7173 | D:7      | Noticed Duvessa
  7180 | D:7      | Killed Dowan
  7192 | D:7      | Killed Duvessa
  7466 | D:7      | Reached skill level 1 in Evocations
  7495 | D:7      | Found Wunos's Jewellery Boutique.
  7773 | D:8      | Paralysed by a hornet for 3 turns
  7878 | D:8      | Found an iron altar of Okawaru.
  7898 | D:8      | Reached XP level 10. HP: 80/80 MP: 10/10
  7942 | D:8      | Noticed a two-headed ogre
  7958 | D:8      | Killed a two-headed ogre
  7959 | D:8      | Reached skill level 5 in Evocations
  8536 | D:9      | Noticed a two-headed ogre
  8552 | D:8      | Killed a two-headed ogre
  8553 | D:8      | Reached skill level 9 in Fighting
  8744 | D:9      | Reached ** piety under Makhleb
  8810 | D:9      | Noticed Erolcha
  8835 | D:9      | Killed Erolcha
  8836 | D:9      | Reached skill level 10 in Fighting
  8837 | D:9      | Noticed a two-headed ogre
  8854 | D:9      | Killed a two-headed ogre
  8855 | D:9      | Reached skill level 11 in Fighting
  9075 | D:9      | Noticed a manticore
  9076 | D:9      | Noticed a tengu warrior
  9077 | D:9      | Noticed a centaur warrior
  9077 | D:9      | Noticed a centaur warrior
  9078 | D:9      | Identified the +4 trident "Zoanerurr" {freeze, Fragile rN++
                  | Int+3}
  9097 | D:9      | Noticed a centaur warrior
  9118 | D:9      | Reached XP level 11. HP: 45/93 MP: 11/11
  9550 | D:9      | Reached skill level 1 in Long Blades
  9597 | D:9      | Killed a centaur warrior
  9653 | D:9      | Slain by a tengu warrior

Illustrated notes

Levels and vault maps discovered:
D:1:      beargit_arrival_diablo_church, layout_basic, minmay_pentomino_x4
D:2:      layout_loops_ring, serial_shops, nicolae_book_shop_shelving,
          uniq_terence
D:3:      layout_basic, nicolae_gozag_cash_rules_everything_around_me,
          serial_shops, shop
D:4:      layout_basic, nicolae_elemental_shop
D:5:      layout_basic, minmay_temple_entry_ruins,
          ebering_ghost_reflecting_pool, serial_shops, shop, uniq_prince_ribbit1
D:6:      layout_cave_pods, uniq_sigmund
D:7:      layout_basic, mainiacjoe_overflow_small_starburst,
          mainiacjoe_overflow_tiny_flanked, nicolae_ashenzari_panopticon,
          serial_shops, nicolae_shop_hallway_plus, uniq_duvessa
D:8:      layout_gridville, mainiacjoe_overflow_six_doors_small
D:9:      minmay_the_grid_octo_tiled_octocenter [minmay_the_grid_octo_toaster,
          minmay_the_grid_octo_vomiting_pacman, minmay_the_grid_octo_empty,
          minmay_the_grid_octo_fan_narrow,
          minmay_the_grid_octo_prize_square_snowflake,
          minmay_the_grid_square_5x5_three_walls,
          minmay_the_grid_square_5x5_inset, minmay_the_grid_square_5x5_inner_i,
          minmay_the_grid_square_5x5_misaligned], layout_loops_ring,
          nzn_hepliaklqana_mist_gate, dpeg_lair_monsters, st_stairs_11,
          dreamdust_mushroom_princess, uniq_erolcha, uniq_harold
Temple:   lightli_temple_of_artemis

Skill      XL: |  1  2  3  4  5  6  7  8  9 10 11 |
---------------+----------------------------------+-----
Fighting       | 3 4 5 6 8 11 | 11.5
Armour         | 1 3 |  3.0
Short Blades   | 3 4 |  4.0
Dodging        | 3 5 9 |  9.0
Throwing       | 5 |  5.0
Evocations     | 3 5 |  5.0
Long Blades    | 3 |  3.4

Action                     |  1- 3 |  4- 6 |  7- 9 | 10-12 || total
---------------------------+-------+-------+-------+-------++-------
  Melee: Rapier            |   106 |    16 |       |       ||   122
         Dagger            |       |   127 |   325 |   159 ||   611
         Punch             |       |     4 |     8 |     4 ||    16
         Falchion          |       |       |       |    32 ||    32
  Throw: Throwing net      |     3 |       |     1 |     3 ||     7
         Boomerang         |     1 |     2 |     2 |       ||     5
         Javelin           |       |     1 |     2 |       ||     3
         Dart              |       |       |       |     4 ||     4
  Evoke: Wand              |       |       |       |     3 ||     3
    Use: Scroll            |     6 |     1 |    10 |     3 ||    20
         Potion            |       |       |     5 |     1 ||     6
   Stab: Held in net/web   |     1 |       |     1 |       ||     2
 Armour: Leather armour    |    54 |    52 |   116 |   101 ||   323
  Dodge: Dodged            |    72 |    84 |   221 |   164 ||   541
  Block: Other             |       |       |    18 |    42 ||    60
         Reflection        |       |       |     1 |     7 ||     8

Table legend: (Time is in decaauts)
 A = Elapsed time spent in this place.
 B = Non-inter-level travel time spent in this place.
 C = Inter-level travel time spent in this place.
 D = Time resting spent in this place.
 E = Time spent auto-exploring this place.
 F = Levels seen in this place.
 G = Mean time per level.
                   A        B        C        D        E       F      G
               +--------+--------+--------+--------+--------+-----+--------+
         Total |   9542 |   9135 |    407 |   2547 |   5094 |  10 |  954.2 |
       Dungeon |   9520 |   9135 |    385 |   2547 |   5094 |   9 | 1057.8 |
        Temple |     22 |      1 |     21 |      0 |      0 |   1 |   22.0 |
               +--------+--------+--------+--------+--------+-----+--------+

Top non-repeatable levels by time:
     D:5: 1806 daAuts
     D:6: 1487 daAuts
     D:8: 1310 daAuts
     D:2: 1181 daAuts
     D:7: 921 daAuts
     D:4: 771 daAuts
     D:1: 750 daAuts
     D:3: 697 daAuts
     D:9: 593 daAuts
  Temple: 22 daAuts
